 Dungeon Crawl Stone Soup version 0.26.0-10-g1f06aea511 (webtiles) character file.

Game seed: 4330947966122316483

148 Borgoz the Slasher (level 5, -3/45 HPs)
             Began as a Ghoul Gladiator on Jan 15, 2021.
             Slain by a phantom (7 damage)
             ... on level 4 of the Dungeon.
             The game lasted 00:03:45 (2672 turns).

Borgoz the Slasher (Ghoul Gladiator)                Turns: 2672, Time: 00:03:46

Health: -3/45      AC: 10    Str: 18    XL:     5   Next: 30%
Magic:  4/4        EV: 12    Int:  3    God:
Gold:   246        SH:  0    Dex: 11    Spells: 4/4 levels left

rFire    . . .     SeeInvis .   a - +0 long sword
rCold    + . .     Faith    .   (no shield)
rNeg     + + +     Spirit   .   k - +0 ring mail
rPois    ∞         Reflect  .   c - +1 helmet
rElec    .         Harm     .   h - +2 cloak
rCorr    .         Rampage  .   (no gloves)
Will     .....                  (no boots)
Stlth    +.........             (no amulet)
HPRegen  0.00/turn              (no ring)
MPRegen  0.09/turn              (no ring)

@: no status effects
A: claws 1, cold resistance 1, negative energy resistance 3, inhibited
regeneration, torment resistance, unbreathing
a: no special abilities


You were on level 4 of the Dungeon.
You visited 1 branch of the dungeon, and saw 4 of its levels.

You collected 246 gold pieces.

Inventory:

Hand Weapons
 a - a +0 long sword (weapon)
Missiles
 d - 3 throwing nets (quivered)
Armour
 c - a +1 helmet (worn)
 h - a +2 cloak (worn)
 k - a +0 ring mail (worn)
Jewellery
 n - an uncursed ring of flight
Scrolls
 f - 2 scrolls of remove curse
 g - a scroll of teleportation
 i - 2 scrolls of identify
Potions
 b - a potion of haste
 e - a potion of curing {unknown}
 j - a potion of cancellation


   Skills:
 + Level 3.1 Fighting
 * Level 3.7 Long Blades
 - Level 1.7 Throwing
 * Level 2.3 Armour
 + Level 3.1 Dodging


You had 4 spell levels left.
You didn't know any spells.
Your spell library was empty.

Dungeon Overview and Level Annotations

Branches:
Dungeon (4/15)
 Temple: D:4-7

Altars:
Kikubaaqudgha
Vehumet


Innate Abilities, Weirdness & Mutations

You thrive by killing the living.
You are immune to poison.
You have sharp fingernails.
Your flesh is cold resistant. (rC+)
You are immune to negative energy. (rN+++)
You do not regenerate when monsters are visible.
You are immune to unholy pain and torment.
You can survive without breathing.


Message History

You kill the iguana!
You miss the phantom.
The phantom is lightly damaged.
The phantom hits you.
* * * LOW HITPOINT WARNING * * *
The phantom barely misses you.
You miss the phantom.
The phantom is lightly damaged.
The phantom blinks!
Okay, then.
You barely miss the phantom.
The phantom hits you but does no damage.
You miss the phantom.
The phantom hits you but does no damage.
You hit the phantom.
The phantom is lightly damaged.
The phantom hits you.
* * * LOW HITPOINT WARNING * * *
The phantom hits you!
You die...

#.# #.#
#.######.
#........
#.######.
#.# ##.##
#.W.##
#.#@.#
#....#
##....#
#......
##...##.
##.## #
.# ..


You could see a phantom.

Vanquished Creatures
  An iguana (D:4)
  5 adders
  An ooze (D:1)
  A worm (D:2)
  A dart slug (D:3)
  3 leopard geckos
  4 giant cockroaches
  5 goblins
  10 hobgoblins
  5 jackals (D:1)
  5 kobolds
  A quokka (D:3)
  11 bats
  4 frilled lizards
  6 rats
63 creatures vanquished.

Notes
Turn   | Place    | Note
-------+----------+-------------------------------------------
     0 | D:1      | Borgoz the Ghoul Gladiator began the quest for the Orb.
     0 | D:1      | Reached XP level 1. HP: 17/17 MP: 0/0
    36 | D:1      | Reached XP level 2. HP: 22/24 MP: 1/1
   310 | D:1      | Reached skill level 1 in Armour
   374 | D:1      | Reached XP level 3. HP: 30/30 MP: 2/2
  1142 | D:2      | Reached XP level 4. HP: 37/37 MP: 3/3
  1713 | D:2      | Found an ancient bone altar of Kikubaaqudgha.
  2062 | D:3      | Reached XP level 5. HP: 39/45 MP: 4/4
  2203 | D:3      | Found a radiant altar of Vehumet.
  2642 | D:4      | Noticed a phantom
  2672 | D:4      | Slain by a phantom

Illustrated notes

Levels and vault maps discovered:
D:1:      lemuel_arrival_rhombus, layout_basic, minmay_pentomino_s4
D:2:      layout_basic, lemuel_coloured_pillars_altar
D:3:      lemuel_upstairs_altar, layout_rooms, nicolae_overflow_crystal_walls,
          serial_co_window_serial, co_window_corner_a, co_window_corner_a,
          co_window_paths_b, co_window_paths_a, co_window_corner_a,
          co_window_paths_a, co_window_paths_a, co_window_paths_c,
          co_window_unsneaky_path_d, co_window_unsneaky_path_d,
          co_window_broadway_a, co_window_paths_e, glass_columns_c,
          glass_columns_b, glass_columns_a, glass_columns_c
D:4:      gammafunk_wand_slinger, layout_loops_ring, kennysheep_mini_moat,
          kennysheep_generic_room_11, uniq_crazy_yiuf_cottage, uniq_duvessa

Skill      XL: |  1  2  3  4 |
---------------+-------------+-----
Long Blades    | 3 |  3.7
Armour         | 1 2 |  2.3
Dodging        | 3 |  3.1
Fighting       | 3 |  3.1
Throwing       | |  1.7

Action                   |  1- 3 |  4- 6 || total
-------------------------+-------+-------++-------
Melee: Long sword        |    94 |    90 ||   184
  Use: Scroll            |     6 |     6 ||    12
Armor: Leather armour    |     6 |       ||     6
       Ring mail         |    52 |    43 ||    95
Dodge: Dodged            |    96 |    70 ||   166
       Rpst.: Long sword |    25 |    23 ||    48
